Little Stars vs River Rats (R1)

Created - 30 octobre 2012 at 21:25

Simulating a Pre-Season

Goals
1 2 3 OT1 SO T
Little Stars 1 0 2 0 2 4
River Rats 0 1 2 0 1 3
Shots
1 2 3 OT1 SO T
Little Stars 8 15 12 0 4 35
River Rats 9 14 18 0 4 41

1st period

1. Little Stars , Matt D'Agostini 1 (Nathan Gerbe, Steve Regier) at 11:24 (PP)

Penalties :
Jim Fahey (Alb) for High sticking (Minor) at 0:58, Andrej Meszaros (Alb) for Interference (Minor) at 6:07, Tyler Eckford (Tex) for Holding (Minor) at 6:07, Jay Beagle (Alb) for Roughing (Minor) at 9:39, Clay Wilson (Tex) for Unsportsmanlike conduct (Major / Game Misconduct) at 12:56, Matt Halischuk (Tex) for Roughing (Minor) at 18:26

2nd period

2. River Rats , Andrej Meszaros 1 (Mikael Renberg, Tyler Bozak) at 7:12

Penalties :
Tyler Bozak (Alb) for Holding (Minor) at 12:51, Jordan Bendfeld (Tex) for Interference (Minor) at 12:51

3rd period

3. River Rats , Dustin Boyd 2 (Jonathan Ericsson, Sergei Shirokov) at 1:47
4. River Rats , Sergei Shirokov 2 (Jonathan Ericsson, Dustin Boyd) at 1:55
5. Little Stars , Hugh Jessiman 1 (Brad Isbister, Krys Kolanos) at 15:37 (PP)
6. Little Stars , Brad Isbister 1 (Krys Kolanos) at 15:50 (PP)

Penalties :
Dustin Boyd (Alb) for Boarding (Minor) at 5:51, Trent Hunter (Alb) for Hooking (Minor) at 15:29, Peter Mueller (Alb) for Hooking (Minor) at 15:48

Overtime #1

No Goal

Penalties :
No Penalty

Shootout

Penalty Shot by Brad Isbister for Little Stars - Goal!
Penalty Shot by Mikael Renberg for River Rats - Stopped by Philippe Sauvé
Penalty Shot by Steve Regier for Little Stars - Shot Misses the Net
Penalty Shot by Sergei Shirokov for River Rats - Goal!
Penalty Shot by Steve MacIntyre for Little Stars - Shot Misses the Net
Penalty Shot by Dustin Boyd for River Rats - Stopped by Philippe Sauvé
Penalty Shot by Greg Stewart for Little Stars - Goal!
Penalty Shot by Chris Mcallister for River Rats - Shot Misses the Net

Penalties :
No Penalty

Goalie Stats

Philippe Sauvé (Tex), 38 saves from 41 shots - (0,927), W, 1-0-0, 65:00 minutes
Jeff Glass (Alb), 32 saves from 35 shots - (0,914), OTL, 1-0-1, 65:00 minutes

Players Stats for Little Stars

Player Name              G  A  P  +/- PIM S  H  SB GA TA FO     MP     PP MP  PK MP  
------------------------------------------------------------------------------------
Alexander Vasyunov       0  0  0   0  0   0  0  0  0  0  0/0     0:33   0:00   0:33 
Brad Isbister            1  1  2  -2  0   5  2  0  1  0  8/11   24:24   2:39   2:49 
Clay Wilson              0  0  0   0  15  0  0  0  1  0  0/0     5:17   1:23   0:00 
Cody Bass                0  0  0   0  0   3  0  0  0  0  0/1     9:58   0:00   1:44 
Colton Sceviour          0  0  0   0  0   0  0  0  0  0  0/0     0:00   0:00   0:00 
Greg Stewart             0  0  0   0  0   4  1  0  0  0  0/0    12:21   0:00   2:47 
Hugh Jessiman            1  0  1  -2  0   2  0  1  0  0  1/1    17:05   2:39   0:00 
Jim O'Brien              0  0  0   0  0   0  0  0  0  0  0/0     0:00   0:00   0:00 
Jonathan Blum            0  0  0  -2  0   1  1  1  0  0  0/0    23:13   1:31   1:14 
Jordan Bendfeld          0  0  0   0  2   0  1  0  0  1  0/0    16:18   0:00   3:20 
Jordan Hendry            0  0  0  -2  0   4  3  2  2  1  0/0    30:42   2:54   3:50 
Kaspars Daugavins        0  0  0   0  0   0  0  0  0  0  0/0     0:00   0:00   0:00 
Krys Kolanos             0  2  2  -2  0   6  3  0  0  0  23/36  18:03   2:39   1:02 
Matt D'Agostini          1  0  1  -1  0   1  1  0  0  0  1/1    13:55   3:13   0:00 
Matt Halischuk           0  0  0   0  2   1  0  2  0  0  0/0    13:07   0:01   0:00 
Matt Pelech              0  0  0  -1  0   1  2  1  0  2  0/0    23:10   2:59   2:04 
Nathan Gerbe             0  1  1  -1  0   3  0  1  0  0  8/11   14:16   3:14   0:00 
Oskar Osala              0  0  0   0  0   0  0  0  0  0  0/0     0:00   0:00   0:00 
Paul Postma              0  0  0   0  0   0  1  0  0  0  0/0     9:18   0:00   1:24 
Riley Nash               0  0  0   0  0   0  0  0  0  0  0/0     0:00   0:00   0:00 
Steve MacIntyre          0  0  0   0  0   2  0  1  0  0  1/1    14:44   0:00   2:22 
Steve Regier             0  1  1  -1  0   2  2  1  0  1  0/1    20:57   3:13   2:39 
Troy Bodie               0  0  0   0  0   0  0  0  0  0  0/0     6:45   0:00   0:00 
Tyler Eckford            0  0  0  -1  2   0  2  2  2  0  0/0    22:04   2:59   2:04 
Yanick Lehoux            0  0  0   0  0   0  0  1  0  1  4/11   12:50   0:01   0:00 

Players Stats for River Rats

Player Name              G  A  P  +/- PIM S  H  SB GA TA FO     MP     PP MP  PK MP  
------------------------------------------------------------------------------------
Andrej Meszaros          1  0  1   1  2   6  2  2  0  0  0/0    23:07   2:58   2:16 
Ben Lovejoy              0  0  0   2  0   0  2  3  0  0  0/0    30:56   3:07   3:37 
Brett Maclean            0  0  0   1  0   1  0  0  0  1  0/1    16:29   2:39   0:00 
Bryan Bickell            0  0  0   0  0   0  2  1  0  0  0/0    11:38   1:22   1:12 
Chris Mcallister         0  0  0   2  0   0  5  0  0  2  1/2    22:05   2:56   2:15 
Dustin Boyd              1  1  2   2  2   5  0  2  1  1  12/38  21:43   2:54   1:51 
Jay Beagle               0  0  0   0  2   2  2  0  0  0  0/0     8:14   1:18   0:00 
Jim Fahey                0  0  0   0  2   5  3  1  0  0  0/0    15:01   0:53   0:00 
Jonathan Ericsson        0  2  2   2  0   3  1  1  1  1  0/0    30:33   3:07   3:37 
Josh Gratton             0  0  0   0  0   3  1  0  1  1  0/0    11:04   0:36   0:00 
Kyle Chipchura           0  0  0   0  0   0  0  0  0  0  3/9    10:29   0:50   2:44 
Mikael Renberg           0  1  1   1  0   0  1  1  1  0  0/0    14:02   2:38   0:00 
Niklas Hjalmarsson       0  0  0   0  0   0  0  1  0  0  0/0     3:56   0:53   0:00 
Peter Mueller            0  0  0   0  2   3  1  0  0  0  4/9    13:14   2:39   0:37 
Ryan Suter               0  0  0   1  0   1  3  3  1  0  0/0    25:42   2:58   2:16 
Sergei Shirokov          1  1  2   2  0   9  2  1  0  0  0/0    24:32   2:58   3:07 
Trent Hunter             0  0  0   0  2   2  1  0  0  0  0/0    12:20   0:04   0:00 
Tyler Bozak              0  1  1   1  2   1  3  0  1  0  8/15   14:57   0:00   0:00 

3 Stars

1 - Sergei Shirokov (Alb)
2 - Dustin Boyd (Alb)
3 - Jonathan Ericsson (Alb)

Power Play

Little Stars - 3 on 5 Attempt(s) - 60,00%
River Rats - 0 on 2 Attempt(s) - 0,00%

Penalty Kill

Little Stars - 2 on 2 Attempt(s) - 100,00% - Score 0 goal in Penalty Kill
River Rats - 2 on 5 Attempt(s) - 40,00% - Score 0 goal in Penalty Kill

Official

Referees : Hebert Ghislain and L'Ecuyer Frederick
Linesman : Brad Kovachik and Mark Shewchyk

Game Notes

Clay Wilson ejected from game at 12:56 of 1st period
Niklas Hjalmarsson is injured at 2:51 of 2nd period (Torso)

Little Stars

5 vs 5 Forward 
   Center                   Left Wing                Right Wing               Time % Phy DF OF 
 1 Krys Kolanos             Brad Isbister            Hugh Jessiman            40     1   2  2  
 2 Nathan Gerbe             Steve Regier             Matt D'Agostini          30     1   2  2  
 3 Yanick Lehoux            Steve MacIntyre          Matt Halischuk           20     1   2  2  
 4 Cody Bass                Greg Stewart             Troy Bodie               10     1   2  2  

5 vs 5 Defense 
   Defense                  Defense                                           Time % Phy DF OF 
 1 Jordan Hendry            Clay Wilson                                       40     1   2  2  
 2 Tyler Eckford            Matt Pelech                                       30     1   2  2  
 3 Jonathan Blum            Jordan Bendfeld                                   20     1   2  2  
 4 Paul Postma              Jordan Hendry                                     10     1   2  2  

PowerPlay Forward 
   Center                   Left Wing                Right Wing               Time % Phy DF OF 
 1 Krys Kolanos             Brad Isbister            Hugh Jessiman            60     1   2  2  
 2 Nathan Gerbe             Steve Regier             Matt D'Agostini          40     1   2  2  

PowerPlay Defense
   Defense                  Defense                                           Time % Phy DF OF 
 1 Jordan Hendry            Clay Wilson                                       60     1   2  2  
 2 Tyler Eckford            Matt Pelech                                       40     1   2  2  

Penalty Kill 4 Players Forward 
   Center                   Wing                     Time % Phy DF OF 
 1 Brad Isbister            Steve Regier             60     1   2  2  
 2 Steve MacIntyre          Greg Stewart             40     1   2  2  

Penalty Kill 4 Players Defense
   Defense                  Defense                  Time % Phy DF OF 
 1 Jordan Hendry            Clay Wilson              60     1   2  2  
 2 Tyler Eckford            Matt Pelech              40     1   2  2  

Penalty Kill - 3 Players Forward 
   Forward                                           Time % Phy DF OF 
 1 Brad Isbister                                     60     1   2  2  
 2 Steve Regier                                      40     1   2  2  

Penalty Kill - 3 Players Defense
   Defense                  Defense                  Time % Phy DF OF 
 1 Jordan Hendry            Clay Wilson              60     1   2  2  
 2 Tyler Eckford            Matt Pelech              40     1   2  2  

4 vs 4 Forward 
   Center                   Wing                     Time % Phy DF OF 
 1 Brad Isbister            Steve Regier             60     1   2  2  
 2 Steve MacIntyre          Greg Stewart             40     1   2  2  

4 vs 4 Defense
   Defense                  Defense                  Time % Phy DF OF 
 1 Jordan Hendry            Clay Wilson              60     1   2  2  
 2 Tyler Eckford            Matt Pelech              40     1   2  2  

Last Minutes Offensive
   Center                   Left Wing                Right Wing               Defense                  Defense                  
   Krys Kolanos             Brad Isbister            Hugh Jessiman            Jordan Hendry            Clay Wilson              

Last Minutes Defensive
   Center                   Left Wing                Right Wing               Defense                  Defense                  
   Krys Kolanos             Brad Isbister            Hugh Jessiman            Jordan Hendry            Clay Wilson              

Goaltenders
Starting : Philippe Sauvé           
Backup : Justin Pogge             

Extra Forwards
Normal : Matt Halischuk, Yanick Lehoux, Cody Bass - PP : Matt Halischuk, Yanick Lehoux - PK : Cody Bass
Extra Defensemen
Normal : Jonathan Blum, Jordan Bendfeld, Paul Postma - PP : Jonathan Blum - PK : Jordan Bendfeld, Paul Postma
Penalty Shots
Brad Isbister, Steve Regier, Steve MacIntyre, Greg Stewart, Krys Kolanos

River Rats

5 vs 5 Forward 
   Center                   Left Wing                Right Wing               Time % Phy DF OF 
 1 Dustin Boyd              Chris Mcallister         Sergei Shirokov          40     1   2  2  
 2 Tyler Bozak              Brett Maclean            Mikael Renberg           30     1   2  2  
 3 Peter Mueller            Josh Gratton             Trent Hunter             20     1   2  2  
 4 Kyle Chipchura           Bryan Bickell            Jay Beagle               10     1   2  2  

5 vs 5 Defense 
   Defense                  Defense                                           Time % Phy DF OF 
 1 Ben Lovejoy              Jonathan Ericsson                                 40     1   2  2  
 2 Ryan Suter               Andrej Meszaros                                   30     1   2  2  
 3 Jim Fahey                Niklas Hjalmarsson                                20     1   2  2  
 4 Ben Lovejoy              Jonathan Ericsson                                 10     1   2  2  

PowerPlay Forward 
   Center                   Left Wing                Right Wing               Time % Phy DF OF 
 1 Dustin Boyd              Chris Mcallister         Sergei Shirokov          60     1   2  2  
 2 Peter Mueller            Brett Maclean            Mikael Renberg           40     1   2  2  

PowerPlay Defense
   Defense                  Defense                                           Time % Phy DF OF 
 1 Ben Lovejoy              Jonathan Ericsson                                 60     1   2  2  
 2 Ryan Suter               Andrej Meszaros                                   40     1   2  2  

Penalty Kill 4 Players Forward 
   Center                   Wing                     Time % Phy DF OF 
 1 Kyle Chipchura           Sergei Shirokov          60     1   2  2  
 2 Dustin Boyd              Chris Mcallister         40     1   2  2  

Penalty Kill 4 Players Defense
   Defense                  Defense                  Time % Phy DF OF 
 1 Ben Lovejoy              Jonathan Ericsson        60     1   2  2  
 2 Ryan Suter               Andrej Meszaros          40     1   2  2  

Penalty Kill - 3 Players Forward 
   Forward                                           Time % Phy DF OF 
 1 Mikael Renberg                                    60     1   2  2  
 2 Sergei Shirokov                                   40     1   2  2  

Penalty Kill - 3 Players Defense
   Defense                  Defense                  Time % Phy DF OF 
 1 Ben Lovejoy              Jonathan Ericsson        60     1   2  2  
 2 Ryan Suter               Andrej Meszaros          40     1   2  2  

4 vs 4 Forward 
   Center                   Wing                     Time % Phy DF OF 
 1 Tyler Bozak              Sergei Shirokov          60     1   2  2  
 2 Dustin Boyd              Chris Mcallister         40     1   2  2  

4 vs 4 Defense
   Defense                  Defense                  Time % Phy DF OF 
 1 Ben Lovejoy              Jonathan Ericsson        60     1   2  2  
 2 Ryan Suter               Andrej Meszaros          40     1   2  2  

Last Minutes Offensive
   Center                   Left Wing                Right Wing               Defense                  Defense                  
   Dustin Boyd              Chris Mcallister         Mikael Renberg           Ben Lovejoy              Jonathan Ericsson        

Last Minutes Defensive
   Center                   Left Wing                Right Wing               Defense                  Defense                  
   Dustin Boyd              Chris Mcallister         Mikael Renberg           Ben Lovejoy              Jonathan Ericsson        

Goaltenders
Starting : Jeff Glass               
Backup : Mark Dekanich            

Extra Forwards
Normal : Brett Maclean, Trent Hunter, Bryan Bickell - PP : Bryan Bickell, Brett Maclean - PK : Bryan Bickell
Extra Defensemen
Normal : Jim Fahey, Niklas Hjalmarsson, Ryan Suter - PP : Jim Fahey - PK : Niklas Hjalmarsson, Ryan Suter
Penalty Shots
Mikael Renberg, Sergei Shirokov, Dustin Boyd, Chris Mcallister, Josh Gratton

% Time on Ice - Little Stars

Lines # - Real PCT - Wanted PCT - Time Play
Normal Forward
1 - 35% - 40% - 15:00
2 - 26% - 30% - 11:02
3 - 24% - 20% - 10:24
4 - 16% - 10% - 6:45
Normal Defense
1 - 45% - 40% - 19:27
2 - 34% - 30% - 14:45
3 - 17% - 20% - 7:27
4 - 4% - 10% - 1:32
PP Forward
1 - 45% - 60% - 2:39
2 - 55% - 40% - 3:14
PP Defense
1 - 49% - 60% - 2:54
2 - 51% - 40% - 2:59
PK Forward
1 - 75% - 60% - 5:12
2 - 25% - 40% - 1:46
PK Defense
1 - 70% - 60% - 4:54
2 - 30% - 40% - 2:04
PK3 Forward
1 - 0% - 60%
2 - 0% - 40%
PK3 Defense
1 - 0% - 60%
2 - 0% - 40%
44 Forward
1 - 78% - 60% - 7:00
2 - 22% - 40% - 1:58
44 Defense
1 - 65% - 60% - 5:51
2 - 35% - 40% - 3:07
Last Minute Offensive  - 0:00
Last Minute Defensive  - 0:00
Total
Forward - 65:00
Defense - 65:00

% Time on Ice - River Rats

Lines # - Real PCT - Wanted PCT - Time Play
Normal Forward
1 - 34% - 40% - 14:39
2 - 26% - 30% - 11:24
3 - 24% - 20% - 10:15
4 - 16% - 10% - 6:53
Normal Defense
1 - 40% - 40% - 17:21
2 - 27% - 30% - 11:35
3 - 33% - 20% - 14:15
4 - 0% - 10% - 0:00
PP Forward
1 - 59% - 60% - 4:07
2 - 41% - 40% - 2:51
PP Defense
1 - 57% - 60% - 4:00
2 - 43% - 40% - 2:58
PK Forward
1 - 63% - 60% - 3:44
2 - 37% - 40% - 2:09
PK Defense
1 - 61% - 60% - 3:37
2 - 39% - 40% - 2:16
PK3 Forward
1 - 0% - 60%
2 - 0% - 40%
PK3 Defense
1 - 0% - 60%
2 - 0% - 40%
44 Forward
1 - 80% - 60% - 7:13
2 - 20% - 40% - 1:45
44 Defense
1 - 50% - 60% - 4:29
2 - 50% - 40% - 4:29
Last Minute Offensive  - 0:00
Last Minute Defensive  - 0:00
Total
Forward - 65:00
Defense - 65:00

Play by Play

1st period


0:01 of 1st period - Krys Kolanos wins face-off versus Dustin Boyd in neutral zone.
0:08 of 1st period - Snap shot by Sergei Shirokov.
0:08 of 1st period - Stopped by Philippe Sauvé with a rebound.
0:10 of 1st period - Slapshot by Jonathan Ericsson.
0:10 of 1st period - Stopped by Philippe Sauvé with a rebound.
0:12 of 1st period - Slapshot by Ben Lovejoy.
0:12 of 1st period - Shot Misses the Net.
0:14 of 1st period - Slapshot by Jonathan Ericsson.
0:14 of 1st period - Stopped by Philippe Sauvé without a rebound.
0:15 of 1st period - Nathan Gerbe wins face-off versus Tyler Bozak in Little Stars zone.
0:24 of 1st period - Snap shot by Matt D'Agostini.
0:24 of 1st period - Deflect By Nathan Gerbe.
0:24 of 1st period - Stopped by Jeff Glass without a rebound.
0:25 of 1st period - Tyler Bozak wins face-off versus Nathan Gerbe in River Rats zone.
0:42 of 1st period - Slapshot by Andrej Meszaros.
0:42 of 1st period - Stopped by Philippe Sauvé without a rebound.
0:43 of 1st period - Yanick Lehoux wins face-off versus Peter Mueller in Little Stars zone.
0:58 of 1st period - Minor Penalty to Jim Fahey for High sticking.
0:59 of 1st period - Kyle Chipchura wins face-off versus Krys Kolanos in River Rats zone.
1:24 of 1st period - Matt D'Agostini is hit by Chris Mcallister and loses puck.
2:25 of 1st period - Matt Pelech is hit by Chris Mcallister and loses puck.
2:58 of 1st period - Penalty to Jim Fahey is over, Jim Fahey is back on ice.
3:19 of 1st period - Icing by Steve MacIntyre.
3:20 of 1st period - Tyler Bozak wins face-off versus Yanick Lehoux in Little Stars zone.
3:31 of 1st period - Slapshot by Steve MacIntyre.
3:31 of 1st period - Stopped by Jeff Glass with a rebound.
3:33 of 1st period - Slapshot by Jordan Hendry.
3:33 of 1st period - Stopped by Jeff Glass with a rebound.
3:35 of 1st period - Slapshot by Jordan Hendry.
3:35 of 1st period - Deflect By Andrej Meszaros.
3:35 of 1st period - Stopped by Jeff Glass without a rebound.
3:36 of 1st period - Krys Kolanos wins face-off versus Dustin Boyd in River Rats zone.
3:47 of 1st period - Wrist shot by Brad Isbister.
3:47 of 1st period - Stopped by Jeff Glass without a rebound.
3:48 of 1st period - Dustin Boyd wins face-off versus Krys Kolanos in River Rats zone.
4:13 of 1st period - Steve Regier is hit by Jay Beagle and loses puck.
4:20 of 1st period - Slapshot by Andrej Meszaros.
4:20 of 1st period - Stopped by Philippe Sauvé without a rebound.
4:21 of 1st period - Krys Kolanos wins face-off versus Dustin Boyd in Little Stars zone.
4:21 of 1st period - Krys Kolanos is hit by Ryan Suter.
5:16 of 1st period - Wrist shot by Cody Bass.
5:16 of 1st period - Shot Misses the Net.
5:18 of 1st period - Snap shot by Cody Bass.
5:18 of 1st period - Stopped by Jeff Glass without a rebound.
5:19 of 1st period - Krys Kolanos wins face-off versus Dustin Boyd in River Rats zone.
5:20 of 1st period - Wrist shot by Brad Isbister.
5:20 of 1st period - Stopped by Jeff Glass without a rebound.
5:21 of 1st period - Krys Kolanos wins face-off versus Dustin Boyd in River Rats zone.
6:07 of 1st period - Minor Penalty to Andrej Meszaros for Interference.
6:07 of 1st period - Minor Penalty to Tyler Eckford for Holding.
6:08 of 1st period - Brad Isbister wins face-off versus Tyler Bozak in Little Stars zone.
6:13 of 1st period - Jonathan Ericsson is hit by Brad Isbister and loses puck.
6:17 of 1st period - Icing by Ben Lovejoy.
6:18 of 1st period - Tyler Bozak wins face-off versus Steve Regier in River Rats zone.
6:31 of 1st period - Slapshot by Sergei Shirokov.
6:31 of 1st period - Stopped by Philippe Sauvé without a rebound.
6:32 of 1st period - Tyler Bozak wins face-off versus Brad Isbister in Little Stars zone.
6:33 of 1st period - Snap shot by Sergei Shirokov.
6:33 of 1st period - Stopped by Philippe Sauvé with a rebound.
6:35 of 1st period - Snap shot by Sergei Shirokov.
6:35 of 1st period - Stopped by Philippe Sauvé without a rebound.
6:36 of 1st period - Brad Isbister wins face-off versus Tyler Bozak in Little Stars zone.
7:06 of 1st period - Chris Mcallister is hit by Greg Stewart and loses puck.
7:38 of 1st period - Greg Stewart is hit by Chris Mcallister and loses puck.
8:03 of 1st period - Matt Halischuk is hit by Jonathan Ericsson and loses puck.
8:07 of 1st period - Penalty to Andrej Meszaros is over, Andrej Meszaros is back on ice.
8:07 of 1st period - Penalty to Tyler Eckford is over, Tyler Eckford is back on ice.
8:16 of 1st period - Snap shot by Yanick Lehoux.
8:16 of 1st period - Shot Blocked by Niklas Hjalmarsson.
8:22 of 1st period - Greg Stewart is hit by Jim Fahey and loses puck.
8:44 of 1st period - Icing by Andrej Meszaros.
8:45 of 1st period - Yanick Lehoux wins face-off versus Kyle Chipchura in River Rats zone.
9:39 of 1st period - Minor Penalty to Jay Beagle for Roughing.
9:40 of 1st period - Krys Kolanos wins face-off versus Kyle Chipchura in River Rats zone.
9:49 of 1st period - Snap shot by Krys Kolanos.
9:49 of 1st period - Shot Misses the Net.
10:07 of 1st period - Icing by Matt D'Agostini.
10:08 of 1st period - Nathan Gerbe wins face-off versus Dustin Boyd in Little Stars zone.
11:02 of 1st period - Icing by Nathan Gerbe.
11:03 of 1st period - Nathan Gerbe wins face-off versus Dustin Boyd in Little Stars zone.
11:18 of 1st period - Wrist shot by Nathan Gerbe.
11:18 of 1st period - Shot Blocked by Dustin Boyd.
11:20 of 1st period - Wrist shot by Matt D'Agostini.
11:20 of 1st period - Shot Misses the Net.
11:22 of 1st period - Snap shot by Matt D'Agostini.
11:22 of 1st period - Shot Blocked by Dustin Boyd.
11:24 of 1st period - Wrist shot by Matt D'Agostini.
11:24 of 1st period - Goal by Matt D'Agostini - Little Stars : 1 - River Rats : 0.
11:25 of 1st period - Krys Kolanos wins face-off versus Dustin Boyd in neutral zone.
11:50 of 1st period - Ben Lovejoy is hit by Jordan Hendry and loses puck.
12:45 of 1st period - Icing by Steve MacIntyre.
12:46 of 1st period - Chris Mcallister wins face-off versus Yanick Lehoux in Little Stars zone.
12:51 of 1st period - Snap shot by Dustin Boyd.
12:51 of 1st period - Stopped by Philippe Sauvé without a rebound.
12:52 of 1st period - Krys Kolanos wins face-off versus Dustin Boyd in Little Stars zone.
12:56 of 1st period - Major / Game Misconduct Penalty to Clay Wilson for Unsportsmanlike conduct.
12:56 of 1st period - Clay Wilson is ejected from game.
12:57 of 1st period - Brad Isbister wins face-off versus Dustin Boyd in Little Stars zone.
13:53 of 1st period - Greg Stewart is hit by Sergei Shirokov and loses puck.
15:00 of 1st period - Tyler Eckford is hit by Bryan Bickell and loses puck.
15:23 of 1st period - Dustin Boyd is hit by Krys Kolanos and loses puck.
16:23 of 1st period - Greg Stewart is hit by Jim Fahey and loses puck.
17:56 of 1st period - Penalty to Clay Wilson is over, Hugh Jessiman is send on ice.
18:26 of 1st period - Minor Penalty to Matt Halischuk for Roughing.
18:27 of 1st period - Brad Isbister wins face-off versus Dustin Boyd in Little Stars zone.

2nd period


0:01 of 2nd period - Dustin Boyd wins face-off versus Brad Isbister in neutral zone.
0:12 of 2nd period - Jordan Hendry is hit by Chris Mcallister and loses puck.
0:26 of 2nd period - Penalty to Matt Halischuk is over, Matt Halischuk is back on ice.
0:45 of 2nd period - Wrist shot by Greg Stewart.
0:45 of 2nd period - Stopped by Jeff Glass without a rebound.
0:46 of 2nd period - Kyle Chipchura wins face-off versus Cody Bass in River Rats zone.
1:30 of 2nd period - Snap shot by Greg Stewart.
1:30 of 2nd period - Stopped by Jeff Glass with a rebound.
1:32 of 2nd period - Snap shot by Cody Bass.
1:32 of 2nd period - Shot Blocked by Ryan Suter.
1:34 of 2nd period - Slapshot by Matt Pelech.
1:34 of 2nd period - Shot Misses the Net.
1:36 of 2nd period - Slapshot by Matt Pelech.
1:36 of 2nd period - Stopped by Jeff Glass with a rebound.
1:38 of 2nd period - Snap shot by Cody Bass.
1:38 of 2nd period - Stopped by Jeff Glass with a rebound.
1:40 of 2nd period - Snap shot by Greg Stewart.
1:40 of 2nd period - Stopped by Jeff Glass with a rebound.
1:44 of 2nd period - Slapshot by Cody Bass.
1:44 of 2nd period - Shot Blocked by Ryan Suter.
1:46 of 2nd period - Snap shot by Greg Stewart.
1:46 of 2nd period - Shot Blocked by Andrej Meszaros.
1:58 of 2nd period - Wrist shot by Cody Bass.
1:58 of 2nd period - Stopped by Jeff Glass without a rebound.
1:59 of 2nd period - Krys Kolanos wins face-off versus Dustin Boyd in River Rats zone.
2:00 of 2nd period - Snap shot by Hugh Jessiman.
2:00 of 2nd period - Stopped by Jeff Glass with a rebound.
2:35 of 2nd period - Snap shot by Steve Regier.
2:35 of 2nd period - Shot Blocked by Ben Lovejoy.
2:50 of 2nd period - Niklas Hjalmarsson is hit by Jordan Hendry.
2:51 of 2nd period - Niklas Hjalmarsson from River Rats is injured at 2:51 of 2nd period (Torso).
2:52 of 2nd period - Dustin Boyd wins face-off versus Krys Kolanos in River Rats zone.
3:01 of 2nd period - Wrist shot by Dustin Boyd.
3:01 of 2nd period - Shot Blocked by Jordan Hendry.
3:30 of 2nd period - Slapshot by Tyler Bozak.
3:30 of 2nd period - Shot Blocked by Matt Pelech.
4:22 of 2nd period - Wrist shot by Jay Beagle.
4:22 of 2nd period - Stopped by Philippe Sauvé without a rebound.
4:23 of 2nd period - Matt D'Agostini wins face-off versus Dustin Boyd in Little Stars zone.
4:36 of 2nd period - Snap shot by Sergei Shirokov.
4:36 of 2nd period - Deflect By Dustin Boyd.
4:36 of 2nd period - Stopped by Philippe Sauvé without a rebound.
4:37 of 2nd period - Krys Kolanos wins face-off versus Dustin Boyd in Little Stars zone.
4:48 of 2nd period - Wrist shot by Brad Isbister.
4:48 of 2nd period - Stopped by Jeff Glass with a rebound.
4:50 of 2nd period - Snap shot by Krys Kolanos.
4:50 of 2nd period - Stopped by Jeff Glass with a rebound.
4:52 of 2nd period - Wrist shot by Krys Kolanos.
4:52 of 2nd period - Stopped by Jeff Glass with a rebound.
5:02 of 2nd period - Nathan Gerbe is hit by Tyler Bozak and loses puck.
5:33 of 2nd period - Off-side.
5:34 of 2nd period - Brad Isbister wins face-off versus Dustin Boyd in neutral zone.
5:34 of 2nd period - Brad Isbister is hit by Jim Fahey.
5:38 of 2nd period - Slapshot by Jordan Hendry.
5:38 of 2nd period - Stopped by Jeff Glass with a rebound.
5:40 of 2nd period - Snap shot by Krys Kolanos.
5:40 of 2nd period - Stopped by Jeff Glass with a rebound.
6:03 of 2nd period - Snap shot by Mikael Renberg.
6:03 of 2nd period - Shot Blocked by Steve Regier.
6:05 of 2nd period - Wrist shot by Brett Maclean.
6:05 of 2nd period - Stopped by Philippe Sauvé with a rebound.
6:07 of 2nd period - Slapshot by Jim Fahey.
6:07 of 2nd period - Stopped by Philippe Sauvé without a rebound.
6:08 of 2nd period - Tyler Bozak wins face-off versus Nathan Gerbe in Little Stars zone.
6:15 of 2nd period - Snap shot by Tyler Bozak.
6:15 of 2nd period - Stopped by Philippe Sauvé with a rebound.
7:01 of 2nd period - Yanick Lehoux is hit by Ben Lovejoy and loses puck.
7:08 of 2nd period - Snap shot by Trent Hunter.
7:08 of 2nd period - Stopped by Philippe Sauvé without a rebound.
7:09 of 2nd period - Tyler Bozak wins face-off versus Nathan Gerbe in Little Stars zone.
7:12 of 2nd period - Backhand shot by Andrej Meszaros.
7:12 of 2nd period - Goal by Andrej Meszaros - Little Stars : 1 - River Rats : 1.
7:13 of 2nd period - Krys Kolanos wins face-off versus Dustin Boyd in neutral zone.
7:20 of 2nd period - Snap shot by Krys Kolanos.
7:20 of 2nd period - Stopped by Jeff Glass with a rebound.
8:18 of 2nd period - Wrist shot by Steve MacIntyre.
8:18 of 2nd period - Shot Blocked by Ben Lovejoy.
8:45 of 2nd period - Chris Mcallister is hit by Jordan Hendry and loses puck.
9:08 of 2nd period - Tyler Bozak is hit by Steve Regier and loses puck.
9:23 of 2nd period - Jordan Bendfeld is hit by Peter Mueller and loses puck.
9:49 of 2nd period - Jay Beagle is hit by Matt Pelech.
10:10 of 2nd period - Slapshot by Sergei Shirokov.
10:10 of 2nd period - Stopped by Philippe Sauvé with a rebound.
10:12 of 2nd period - Slapshot by Sergei Shirokov.
10:12 of 2nd period - Shot Blocked by Steve MacIntyre.
10:14 of 2nd period - Snap shot by Sergei Shirokov.
10:14 of 2nd period - Shot Misses the Net.
10:35 of 2nd period - Snap shot by Greg Stewart.
10:35 of 2nd period - Stopped by Jeff Glass without a rebound.
10:36 of 2nd period - Dustin Boyd wins face-off versus Krys Kolanos in River Rats zone.
10:47 of 2nd period - Backhand shot by Sergei Shirokov.
10:47 of 2nd period - Shot Misses the Net.
12:12 of 2nd period - Matt Halischuk is hit by Jay Beagle and loses puck.
12:16 of 2nd period - Icing by Matt Halischuk.
12:17 of 2nd period - Dustin Boyd wins face-off versus Yanick Lehoux in Little Stars zone.
12:20 of 2nd period - Slapshot by Dustin Boyd.
12:20 of 2nd period - Stopped by Philippe Sauvé without a rebound.
12:21 of 2nd period - Krys Kolanos wins face-off versus Dustin Boyd in Little Stars zone.
12:34 of 2nd period - Snap shot by Dustin Boyd.
12:34 of 2nd period - Shot Misses the Net.
12:51 of 2nd period - Minor Penalty to Tyler Bozak for Holding.
12:51 of 2nd period - Minor Penalty to Jordan Bendfeld for Interference.
12:52 of 2nd period - Brad Isbister wins face-off versus Brett Maclean in Little Stars zone.
13:57 of 2nd period - Ryan Suter is hit by Tyler Eckford and loses puck.
14:02 of 2nd period - Slapshot by Jordan Hendry.
14:02 of 2nd period - Stopped by Jeff Glass with a rebound.
14:14 of 2nd period - Snap shot by Dustin Boyd.
14:14 of 2nd period - Shot Misses the Net.
14:51 of 2nd period - Penalty to Tyler Bozak is over, Tyler Bozak is back on ice.
14:51 of 2nd period - Penalty to Jordan Bendfeld is over, Jordan Bendfeld is back on ice.
15:30 of 2nd period - Tyler Bozak is hit by Matt D'Agostini and loses puck.
15:49 of 2nd period - Jim Fahey is hit by Jonathan Blum and loses puck.
16:21 of 2nd period - Icing by Sergei Shirokov.
16:22 of 2nd period - Krys Kolanos wins face-off versus Dustin Boyd in River Rats zone.
16:25 of 2nd period - Slapshot by Brad Isbister.
16:25 of 2nd period - Shot Misses the Net.
17:00 of 2nd period - Andrej Meszaros is hit by Tyler Eckford and loses puck.
17:45 of 2nd period - Jim Fahey is hit by Krys Kolanos.
17:48 of 2nd period - Off-side.
17:49 of 2nd period - Nathan Gerbe wins face-off versus Tyler Bozak in neutral zone.
17:59 of 2nd period - Off-side.
18:00 of 2nd period - Hugh Jessiman wins face-off versus Dustin Boyd in neutral zone.
18:03 of 2nd period - Jim Fahey is hit by Jordan Bendfeld and loses puck.
18:16 of 2nd period - Snap shot by Krys Kolanos.
18:16 of 2nd period - Shot Misses the Net.
18:47 of 2nd period - Snap shot by Peter Mueller.
18:47 of 2nd period - Shot Misses the Net.
18:49 of 2nd period - Snap shot by Peter Mueller.
18:49 of 2nd period - Shot Misses the Net.
18:51 of 2nd period - Slapshot by Jim Fahey.
18:51 of 2nd period - Stopped by Philippe Sauvé with a rebound.
18:55 of 2nd period - Wrist shot by Josh Gratton.
18:55 of 2nd period - Shot Blocked by Matt Halischuk.
18:57 of 2nd period - Snap shot by Josh Gratton.
18:57 of 2nd period - Stopped by Philippe Sauvé without a rebound.
18:58 of 2nd period - Krys Kolanos wins face-off versus Dustin Boyd in Little Stars zone.
19:07 of 2nd period - Snap shot by Dustin Boyd.
19:07 of 2nd period - Shot Misses the Net.
19:09 of 2nd period - Slapshot by Jonathan Ericsson.
19:09 of 2nd period - Shot Misses the Net.
19:11 of 2nd period - Wrist shot by Jonathan Ericsson.
19:11 of 2nd period - Deflect By Brad Isbister.
19:11 of 2nd period - Stopped by Philippe Sauvé with a rebound.
19:23 of 2nd period - Jordan Bendfeld is hit by Tyler Bozak and loses puck.
19:48 of 2nd period - Snap shot by Peter Mueller.
19:48 of 2nd period - Stopped by Philippe Sauvé with a rebound.
19:50 of 2nd period - Slapshot by Jonathan Ericsson.
19:50 of 2nd period - Shot Blocked by Jordan Hendry.
19:54 of 2nd period - Wrist shot by Peter Mueller.
19:54 of 2nd period - Stopped by Philippe Sauvé without a rebound.
19:55 of 2nd period - Krys Kolanos wins face-off versus Dustin Boyd in Little Stars zone.

3rd period


0:01 of 3rd period - Dustin Boyd wins face-off versus Krys Kolanos in neutral zone.
0:10 of 3rd period - Slapshot by Dustin Boyd.
0:10 of 3rd period - Shot Blocked by Jonathan Blum.
0:31 of 3rd period - Tyler Eckford is hit by Tyler Bozak and loses puck.
1:00 of 3rd period - Tyler Eckford is hit by Josh Gratton and loses puck.
1:25 of 3rd period - Slapshot by Ryan Suter.
1:25 of 3rd period - Stopped by Philippe Sauvé with a rebound.
1:27 of 3rd period - Snap shot by Josh Gratton.
1:27 of 3rd period - Stopped by Philippe Sauvé with a rebound.
1:29 of 3rd period - Snap shot by Jim Fahey.
1:29 of 3rd period - Stopped by Philippe Sauvé without a rebound.
1:30 of 3rd period - Dustin Boyd wins face-off versus Krys Kolanos in Little Stars zone.
1:31 of 3rd period - Slapshot by Sergei Shirokov.
1:31 of 3rd period - Stopped by Philippe Sauvé without a rebound.
1:32 of 3rd period - Dustin Boyd wins face-off versus Krys Kolanos in Little Stars zone.
1:39 of 3rd period - Snap shot by Sergei Shirokov.
1:39 of 3rd period - Shot Misses the Net.
1:41 of 3rd period - Slapshot by Jonathan Ericsson.
1:41 of 3rd period - Shot Misses the Net.
1:43 of 3rd period - Snap shot by Dustin Boyd.
1:43 of 3rd period - Stopped by Philippe Sauvé with a rebound.
1:45 of 3rd period - Snap shot by Dustin Boyd.
1:45 of 3rd period - Shot Misses the Net.
1:47 of 3rd period - Snap shot by Dustin Boyd.
1:47 of 3rd period - Goal by Dustin Boyd - Little Stars : 1 - River Rats : 2.
1:48 of 3rd period - Dustin Boyd wins face-off versus Krys Kolanos in neutral zone.
1:53 of 3rd period - Snap shot by Sergei Shirokov.
1:53 of 3rd period - Stopped by Philippe Sauvé with a rebound.
1:55 of 3rd period - Wrist shot by Sergei Shirokov.
1:55 of 3rd period - Goal by Sergei Shirokov - Little Stars : 1 - River Rats : 3.
1:56 of 3rd period - Krys Kolanos wins face-off versus Dustin Boyd in neutral zone.
2:18 of 3rd period - Icing by Ben Lovejoy.
2:19 of 3rd period - Nathan Gerbe wins face-off versus Dustin Boyd in River Rats zone.
2:26 of 3rd period - Snap shot by Steve Regier.
2:26 of 3rd period - Stopped by Jeff Glass without a rebound.
2:27 of 3rd period - Nathan Gerbe wins face-off versus Tyler Bozak in River Rats zone.
2:36 of 3rd period - Snap shot by Nathan Gerbe.
2:36 of 3rd period - Stopped by Jeff Glass without a rebound.
2:37 of 3rd period - Brad Isbister wins face-off versus Tyler Bozak in River Rats zone.
2:40 of 3rd period - Backhand shot by Brad Isbister.
2:40 of 3rd period - Stopped by Jeff Glass with a rebound.
2:49 of 3rd period - Off-side.
2:50 of 3rd period - Krys Kolanos wins face-off versus Dustin Boyd in neutral zone.
3:38 of 3rd period - Andrej Meszaros is hit by Matt Pelech and loses puck.
3:45 of 3rd period - Snap shot by Greg Stewart.
3:45 of 3rd period - Shot Misses the Net.
3:47 of 3rd period - Slapshot by Jonathan Blum.
3:47 of 3rd period - Stopped by Jeff Glass without a rebound.
3:48 of 3rd period - Dustin Boyd wins face-off versus Krys Kolanos in River Rats zone.
3:48 of 3rd period - Dustin Boyd is hit by Brad Isbister.
3:51 of 3rd period - Icing by Ryan Suter.
3:52 of 3rd period - Krys Kolanos wins face-off versus Dustin Boyd in River Rats zone.
3:59 of 3rd period - Slapshot by Andrej Meszaros.
3:59 of 3rd period - Stopped by Philippe Sauvé with a rebound.
4:01 of 3rd period - Slapshot by Andrej Meszaros.
4:01 of 3rd period - Deflect By Krys Kolanos.
4:01 of 3rd period - Stopped by Philippe Sauvé without a rebound.
4:02 of 3rd period - Dustin Boyd wins face-off versus Krys Kolanos in Little Stars zone.
4:07 of 3rd period - Wrist shot by Dustin Boyd.
4:07 of 3rd period - Shot Blocked by Hugh Jessiman.
4:48 of 3rd period - Slapshot by Steve Regier.
4:48 of 3rd period - Stopped by Jeff Glass without a rebound.
4:49 of 3rd period - Yanick Lehoux wins face-off versus Peter Mueller in River Rats zone.
5:00 of 3rd period - Slapshot by Matt Halischuk.
5:00 of 3rd period - Stopped by Jeff Glass with a rebound.
5:44 of 3rd period - Snap shot by Nathan Gerbe.
5:44 of 3rd period - Stopped by Jeff Glass with a rebound.
5:46 of 3rd period - Slapshot by Tyler Eckford.
5:46 of 3rd period - Deflect By Nathan Gerbe.
5:46 of 3rd period - Shot Blocked by Jonathan Ericsson.
5:46 of 3rd period - Puck is out of play.
5:47 of 3rd period - Nathan Gerbe wins face-off versus Chris Mcallister in River Rats zone.
5:48 of 3rd period - Slapshot by Steve Regier.
5:48 of 3rd period - Shot Misses the Net.
5:51 of 3rd period - Minor Penalty to Dustin Boyd for Boarding.
5:52 of 3rd period - Krys Kolanos wins face-off versus Kyle Chipchura in River Rats zone.
7:51 of 3rd period - Penalty to Dustin Boyd is over, Dustin Boyd is back on ice.
7:58 of 3rd period - Snap shot by Brett Maclean.
7:58 of 3rd period - Shot Blocked by Nathan Gerbe.
9:00 of 3rd period - Icing by Krys Kolanos.
9:01 of 3rd period - Kyle Chipchura wins face-off versus Krys Kolanos in Little Stars zone.
10:03 of 3rd period - Slapshot by Trent Hunter.
10:03 of 3rd period - Stopped by Philippe Sauvé without a rebound.
10:04 of 3rd period - Nathan Gerbe wins face-off versus Peter Mueller in Little Stars zone.
10:29 of 3rd period - Jordan Bendfeld is hit by Sergei Shirokov and loses puck.
12:23 of 3rd period - Matt Halischuk is hit by Andrej Meszaros and loses puck.
12:30 of 3rd period - Yanick Lehoux is hit by Bryan Bickell.
12:40 of 3rd period - Chris Mcallister is hit by Paul Postma.
12:44 of 3rd period - Greg Stewart is hit by Chris Mcallister and loses puck.
12:49 of 3rd period - Snap shot by Sergei Shirokov.
12:49 of 3rd period - Stopped by Philippe Sauvé with a rebound.
12:51 of 3rd period - Slapshot by Jim Fahey.
12:51 of 3rd period - Stopped by Philippe Sauvé without a rebound.
12:52 of 3rd period - Tyler Bozak wins face-off versus Krys Kolanos in Little Stars zone.
12:59 of 3rd period - Wrist shot by Mikael Renberg.
12:59 of 3rd period - Shot Misses the Net.
13:19 of 3rd period - Sergei Shirokov is hit by Steve Regier and loses puck.
13:24 of 3rd period - Snap shot by Steve Regier.
13:24 of 3rd period - Shot Blocked by Andrej Meszaros.
13:42 of 3rd period - Slapshot by Andrej Meszaros.
13:42 of 3rd period - Deflect By Matt Pelech.
13:42 of 3rd period - Stopped by Philippe Sauvé with a rebound.
13:44 of 3rd period - Wrist shot by Trent Hunter.
13:44 of 3rd period - Shot Blocked by Tyler Eckford.
14:24 of 3rd period - Snap shot by Krys Kolanos.
14:24 of 3rd period - Shot Misses the Net.
14:26 of 3rd period - Slapshot by Jonathan Blum.
14:26 of 3rd period - Shot Blocked by Mikael Renberg.
14:28 of 3rd period - Snap shot by Krys Kolanos.
14:28 of 3rd period - Stopped by Jeff Glass without a rebound.
14:29 of 3rd period - Dustin Boyd wins face-off versus Krys Kolanos in River Rats zone.
14:29 of 3rd period - Dustin Boyd is hit by Krys Kolanos.
14:42 of 3rd period - Snap shot by Brad Isbister.
14:42 of 3rd period - Shot Blocked by Ryan Suter.
15:04 of 3rd period - Wrist shot by Nathan Gerbe.
15:04 of 3rd period - Deflect By Matt D'Agostini.
15:04 of 3rd period - Shot Blocked by Ben Lovejoy.
15:04 of 3rd period - Puck is out of play.
15:05 of 3rd period - Peter Mueller wins face-off versus Yanick Lehoux in River Rats zone.
15:14 of 3rd period - Slapshot by Steve MacIntyre.
15:14 of 3rd period - Deflect By Yanick Lehoux.
15:14 of 3rd period - Shot Blocked by Jim Fahey.
15:14 of 3rd period - Puck is out of play.
15:15 of 3rd period - Yanick Lehoux wins face-off versus Peter Mueller in River Rats zone.
15:16 of 3rd period - Wrist shot by Steve MacIntyre.
15:16 of 3rd period - Stopped by Jeff Glass without a rebound.
15:17 of 3rd period - Peter Mueller wins face-off versus Yanick Lehoux in River Rats zone.
15:29 of 3rd period - Minor Penalty to Trent Hunter for Hooking.
15:30 of 3rd period - Krys Kolanos wins face-off versus Kyle Chipchura in River Rats zone.
15:33 of 3rd period - Wrist shot by Krys Kolanos.
15:33 of 3rd period - Stopped by Jeff Glass without a rebound.
15:34 of 3rd period - Krys Kolanos wins face-off versus Kyle Chipchura in River Rats zone.
15:37 of 3rd period - Wrist shot by Hugh Jessiman.
15:37 of 3rd period - Goal by Hugh Jessiman - Little Stars : 2 - River Rats : 3.
15:38 of 3rd period - Steve MacIntyre wins face-off versus Peter Mueller in neutral zone.
15:38 of 3rd period - Jonathan Blum is hit by Trent Hunter and loses puck.
15:48 of 3rd period - Minor Penalty to Peter Mueller for Hooking.
15:49 of 3rd period - Krys Kolanos wins face-off versus Kyle Chipchura in River Rats zone.
15:50 of 3rd period - Wrist shot by Brad Isbister.
15:50 of 3rd period - Goal by Brad Isbister - Little Stars : 3 - River Rats : 3.
15:51 of 3rd period - Peter Mueller wins face-off versus Yanick Lehoux in neutral zone.
16:00 of 3rd period - Snap shot by Josh Gratton.
16:00 of 3rd period - Shot Blocked by Matt Halischuk.
16:02 of 3rd period - Slapshot by Peter Mueller.
16:02 of 3rd period - Stopped by Philippe Sauvé with a rebound.
16:34 of 3rd period - Jordan Hendry is hit by Ryan Suter and loses puck.
17:03 of 3rd period - Wrist shot by Greg Stewart.
17:03 of 3rd period - Shot Blocked by Bryan Bickell.
17:23 of 3rd period - Snap shot by Steve MacIntyre.
17:23 of 3rd period - Shot Misses the Net.
17:35 of 3rd period - Matt Halischuk is hit by Ben Lovejoy.
17:57 of 3rd period - Slapshot by Nathan Gerbe.
17:57 of 3rd period - Shot Misses the Net.
18:03 of 3rd period - Nathan Gerbe is hit by Mikael Renberg.
18:25 of 3rd period - Snap shot by Bryan Bickell.
18:25 of 3rd period - Shot Misses the Net.
18:27 of 3rd period - Snap shot by Jay Beagle.
18:27 of 3rd period - Stopped by Philippe Sauvé without a rebound.
18:28 of 3rd period - Peter Mueller wins face-off versus Yanick Lehoux in Little Stars zone.
18:31 of 3rd period - Snap shot by Peter Mueller.
18:31 of 3rd period - Shot Blocked by Tyler Eckford.
18:33 of 3rd period - Snap shot by Josh Gratton.
18:33 of 3rd period - Shot Misses the Net.
18:35 of 3rd period - Slapshot by Josh Gratton.
18:35 of 3rd period - Stopped by Philippe Sauvé with a rebound.
18:39 of 3rd period - Snap shot by Josh Gratton.
18:39 of 3rd period - Shot Blocked by Yanick Lehoux.
18:41 of 3rd period - Snap shot by Jim Fahey.
18:41 of 3rd period - Stopped by Philippe Sauvé without a rebound.
18:42 of 3rd period - Krys Kolanos wins face-off versus Dustin Boyd in Little Stars zone.
19:14 of 3rd period - Tyler Eckford is hit by Ryan Suter and loses puck.
19:59 of 3rd period - Slapshot by Ben Lovejoy.
19:59 of 3rd period - Deflect By Jay Beagle.
19:59 of 3rd period - Shot Misses the Net.
19:59 of 3rd period - Puck is out of play.

Overtime #1


0:01 of 1st overtime period - Brad Isbister wins face-off versus Tyler Bozak in neutral zone.
0:05 of 1st overtime period - Icing by Jonathan Ericsson.
0:06 of 1st overtime period - Tyler Bozak wins face-off versus Brad Isbister in River Rats zone.
0:21 of 1st overtime period - Wrist shot by Brad Isbister.
0:21 of 1st overtime period - Shot Blocked by Sergei Shirokov.
2:36 of 1st overtime period - Jordan Hendry is hit by Andrej Meszaros and loses puck.

ShootOut


5:00 of 1st overtime period - Penalty Shot by Brad Isbister for Little Stars.
5:00 of 1st overtime period - Snap shot by Brad Isbister.
5:00 of 1st overtime period - Goal by Brad Isbister.
5:00 of 1st overtime period - Penalty Shot by Mikael Renberg for River Rats.
5:00 of 1st overtime period - Deke by Mikael Renberg.
5:00 of 1st overtime period - Stopped by Philippe Sauvé.
5:00 of 1st overtime period - Penalty Shot by Steve Regier for Little Stars.
5:00 of 1st overtime period - Backhand shot by Steve Regier.
5:00 of 1st overtime period - Shot Misses the Net.
5:00 of 1st overtime period - Penalty Shot by Sergei Shirokov for River Rats.
5:00 of 1st overtime period - Wrist shot by Sergei Shirokov.
5:00 of 1st overtime period - Goal by Sergei Shirokov.
5:00 of 1st overtime period - Penalty Shot by Steve MacIntyre for Little Stars.
5:00 of 1st overtime period - Wrist shot by Steve MacIntyre.
5:00 of 1st overtime period - Shot Misses the Net.
5:00 of 1st overtime period - Penalty Shot by Dustin Boyd for River Rats.
5:00 of 1st overtime period - Snap shot by Dustin Boyd.
5:00 of 1st overtime period - Stopped by Philippe Sauvé.
5:00 of 1st overtime period - Penalty Shot by Greg Stewart for Little Stars.
5:00 of 1st overtime period - Deke by Greg Stewart.
5:00 of 1st overtime period - Goal by Greg Stewart.
5:00 of 1st overtime period - Penalty Shot by Chris Mcallister for River Rats.
5:00 of 1st overtime period - Wrist shot by Chris Mcallister.
5:00 of 1st overtime period - Shot Misses the Net.


Output by the SimonT Hockey Simulator (STHS) for François Prévost -- Original Page W3C XHTML 1.0 Valid
Hockey Simulator - Hockey Simulation - Hockey Manager